 Dungeon Crawl Stone Soup version 0.17.1-2-g5865329 (webtiles) character file.

409 kaze the Ducker (level 6, -1/61 HPs)
             Began as a Troll Berserker on Jan 20, 2016.
             Was a Believer of Trog.
             Slain by kaze's ghost (6 damage)
             ... on level 5 of the Dungeon.
             The game lasted 00:12:29 (2301 turns).

kaze the Ducker (Troll Berserker)                   Turns: 2301, Time: 00:12:29

Health: -1/61      AC:  5    Str: 28    XL:     6   Next: 58%
Magic:  5/5        EV: 11    Int:  7    God:    Trog [**....]
Gold:   116        SH:  0    Dex:  9    Spells: 0 memorised, 5 levels left

rFire  . . .     SeeInvis .       - Unarmed
rCold  . . .     Clarity  .     a - +0 animal skin
rNeg   . . .     SustAt   .     (no shield)
rPois  .         Gourm    +     (helmet restricted)
rElec  .         Spirit   .     (no cloak)
rCorr  .         Warding  .     (gloves unavailable)
rMut   .         Stasis   .     (boots unavailable)
MR     ++...                    (no amulet)
Stlth  +.........               (no ring)
                                e - +4 ring of intelligence

@: regenerating, very resistant to hostile enchantments, very unstealthy
A: unfitting armour, claws 3, fast metabolism 3, gourmand, regeneration 2,
shaggy fur 1, tough skin 2
a: Berserk, Trog's Hand, Burn Spellbooks, Renounce Religion


You were on level 5 of the Dungeon.
You worshipped Trog.
Trog was pleased with you.
You were full.

You visited 1 branch of the dungeon, and saw 5 of its levels.

You collected 116 gold pieces.

Inventory:

Armour
 a - a +0 animal skin (worn)
 q - the +6 chain mail "Cetopruc" {MR+ rCorr, unknown}
   (You found it on level 5 of the Dungeon)

   It affects your resistance to hostile enchantments.
   It protects you from acid and corrosion.
Jewellery
 e - a +4 ring of intelligence (left claw)
Scrolls
 c - 2 scrolls of immolation {unknown}
 d - 2 scrolls of amnesia {unknown}
 k - a scroll of enchant weapon {unknown}
 l - a scroll of identify {unknown}
 m - a scroll of teleportation {unknown}
Potions
 h - a potion of invisibility {unknown}
 j - a potion of lignification {unknown}
 n - a potion of poison {unknown}
 o - a potion of beneficial mutation {unknown}
 p - a potion of magic {unknown}
Comestibles
 b - 3 bread rations
 f - a meat ration
 g - a beef jerky
 i - 10 chunks of flesh
 r - 4 fruits


   Skills:
 + Level 3.6 Fighting
 + Level 4.6 Dodging
 + Level 0.9 Stealth
 + Level 4.4 Unarmed Combat


You had 5 spell levels left.
You didn't know any spells.

Dungeon Overview and Level Annotations

Branches:
Dungeon (5/15)
 Temple: D:4-7

Altars:

Annotations:
D:5 kaze's ghost, amateur TrBe


Innate Abilities, Weirdness & Mutations

You are too large for most types of armour.
You have claws for hands.
Your metabolism is lightning-fast.
You like to eat raw meat.
You heal very quickly.
You are covered in fur (AC +1).
You have very tough skin (AC +2).


Message History

Kaze's ghost is heavily damaged.
Kaze's ghost closely misses you.
You scratch kaze's ghost.
Kaze's ghost is severely damaged.
Kaze's ghost hits you!
You closely miss kaze's ghost.
Kaze's ghost is severely damaged.
Kaze's ghost hits you!
* * * LOW HITPOINT WARNING * * *
You scratch kaze's ghost but do no damage.
Kaze's ghost is severely damaged.
Kaze's ghost hits you but does no damage.
Your skin crawls.
You feel resistant to hostile enchantments.
You feel slightly less full. Kaze's ghost hits you!
* * * LOW HITPOINT WARNING * * *
You barely miss kaze's ghost.
Kaze's ghost is severely damaged.
Kaze's ghost hits you.
You die...

.#...........#.#.###.#
.... #.###.#######...#
.. ....
................+ .
..... #.###.########..#
.....##.# #...........#
#......###...........#
#....................#
.#......#####......##.#
........wW@........+ >#
.##.....#####......# ##
#.#...# #......# #
##### #......# #......#
#......# ########


You could see a worm and kaze's ghost.

Vanquished Creatures
  A crimson imp (D:3)
  A centaur skeleton (D:4)
  A hound (D:4)
  3 orc priests
  A worker ant (D:4)
  3 orc wizards
  6 adders
  A shadow imp (D:5)
  An ooze (D:3)
  A worm (D:3)
  A giant gecko (D:3)
  5 orcs
  4 bats
  3 giant cockroaches
  7 goblins
  A hobgoblin (D:3)
  4 jackals
  2 ball pythons
  3 kobolds
  3 quokkas
  3 rats
  A fungus (D:1)
56 creatures vanquished.

Notes
Turn   | Place    | Note
--------------------------------------------------------------
     0 | D:1      | kaze the Troll Berserker began the quest for the Orb.
     0 | D:1      | Reached XP level 1. HP: 22/22 MP: 0/0
   728 | D:2      | Reached XP level 2. HP: 18/29 MP: 1/1
  1094 | D:2      | Reached XP level 3. HP: 36/36 MP: 2/2
  1420 | D:3      | Reached ** piety under Trog
  1547 | D:3      | Reached XP level 4. HP: 45/45 MP: 3/3
  1857 | D:4      | Reached skill level 4 in Unarmed Combat
  1857 | D:4      | Reached XP level 5. HP: 43/53 MP: 4/4
  2071 | D:4      | Reached XP level 6. HP: 56/61 MP: 5/5
  2114 | D:5      | Entered Level 5 of the Dungeon
  2252 | D:5      | Got an ancient chain mail
  2278 | D:5      | Noticed kaze's ghost (amateur TrBe)
  2301 | D:5      | Slain by kaze's ghost

Action                   |  1- 3 |  4- 6 || total
-------------------------+-------+-------++-------
Melee: Unarmed           |    84 |   124 ||   208
Invok: Trog's Hand       |       |     2 ||     2
 Stab: Sleeping          |     1 |       ||     1
  Eat: Chunk             |     5 |     4 ||     9
       Bread ration      |     1 |       ||     1
       Royal jelly       |     1 |       ||     1
       Fruit             |       |     2 ||     2
       Beef jerky        |       |     1 ||     1
       Meat ration       |       |     1 ||     1
